 Dungeon Sprint DCSS version 0.21-a0-351-g38363bb (webtiles) character file.

12394 Kidiri the Warrior (level 11, -10/172 HPs)
             Began as a White Draconian Gladiator on Oct 9, 2017.
             Was a High Priest of Trog.
             Mangled by a deep troll (12 damage)
             ... in the Dungeon (Sprint IX: "|||||||||||||||||||||||||||||").
             The game lasted 00:13:08 (2144 turns).

Kidiri the Warrior (White Draconian Gladiator)      Turns: 2144, Time: 00:13:09

Health: -10/172    AC:  9    Str: 25    XL:     11   Next: 61%
Magic:  11/11      EV: 24    Int:  9    God:    Trog [*****.]
Gold:   1276       SH:  0    Dex: 15    Spells: 10/10 levels left

rFire    . . .     SeeInvis .   H - +6 great mace "Hygabe" {drain, rElec}
rCold    + . .     Gourm    .   (shield currently unavailable)
rNeg     . . .     Faith    .   (armour unavailable)
rPois    .         Spirit   .   b - +0 hat
rElec    +         Reflect  .   y - +0 cloak
rCorr    .         Harm     .   B - +0 pair of gloves
MR       .....     NoTele   +   (no boots)
Stlth    ..........             (no amulet)
HPRegen  0.38/turn              o - +2 ring of evasion
MPRegen  0.12/turn              p - +3 ring of dexterity

@: berserking, very quick
A: breathe frost, unfitting armour, stinger 1, cold resistance 1, electricity
resistance, evolution 1, cold-blooded, AC +7
a: Breathe Frost, Berserk, Trog's Hand, Brothers in Arms, Burn Spellbooks,
Renounce Religion


You were in the Dungeon.
You worshipped Trog.
Trog was extremely pleased with you.
You were near starving.

You visited 1 branch You collected 1276 gold pieces.

Inventory:

Hand Weapons
 a - a +1 great mace of crushing
 D - a +0 dire flail
 E - a cursed -2 dire flail
 H - the +6 great mace "Hygabe" (weapon) {drain, rElec}
   (Trog gifted it to you in the Dungeon)

   A truly terrible weapon, it drains the life of those it strikes.
   It insulates you from electricity.
Missiles
 c - 3 throwing nets
 f - 5 curare-tipped needles
 u - 9 needles of confusion
 v - 8 silver tomahawks
 w - 2 steel javelins (quivered)
 C - 3 poisoned javelins
 F - 2 poisoned tomahawks
 G - 5 tomahawks
Armour
 b - a +0 hat (worn)
 y - a +0 cloak (worn)
 B - a +0 pair of gloves (worn)
Jewellery
 o - a +2 ring of evasion (left hand)
 p - a +3 ring of dexterity (right hand)
Wands
 n - a wand of acid (7/15)
 q - a wand of paralysis (7/24)
Scrolls
 j - a scroll of blinking
 k - 2 scrolls of fear
 m - 4 scrolls of remove curse
 s - 2 scrolls of enchant weapon
 t - a scroll of recharging
 x - a scroll of identify
Potions
 e - 5 potions of curing
 g - 2 potions of haste
 h - 4 potions of magic
 i - a potion of might
 l - a potion of invisibility
 r - 2 potions of brilliance
Comestibles
 d - 40 fruits
 z - 12 bread rations
 A - 12 meat rations
 K - 9 chunks of flesh


   Skills:
 * Level 16.4 Fighting
 * Level 15.4 Maces & Flails
 + Level 10.7 Throwing
 * Level 14.3 Dodging


You had 10 spell levels left.
You didn't know any spells.

Dungeon Overview and Level Annotations

Branches:
Dungeon (1/1)

Altars:
Cheibriados
Dithmenos
Elyvilon
Fedhas
Gozag
Hepliaklqana
Kikubaaqudgha
Makhleb
Nemelex Xobeh
Okawaru
Qazlal
Ru
Sif Muna
Trog
Uskayaw
Vehumet
Wu Jian
Xom
Yredelemnul
Zin
The Shining One
Beogh
Jiyva
Lugonu

Shops:
D }?


Innate Abilities, Weirdness & Mutations

You can breathe waves of freezing cold.
You can buffet flying creatures when you breathe cold.
Your icy white scales are hard. (AC +7)
You cannot fit into any form of body armour.
Your flesh is cold resistant. (rC+)
You are cold-blooded and may be slowed by cold attacks.
Your tail ends in a poisonous barb.
You are resistant to electric shocks. (rElec)
You evolve.


Message History

Okay, then.
A red film seems to cover your vision as you go berserk!
You feel yourself moving faster!
You feel mighty!
You are near starving!
The deep troll bites you!!
* * * LOW HITPOINT WARNING * * *
The deep troll claws you.
* * * LOW HITPOINT WARNING * * *
The deep troll claws you.
* * * LOW HITPOINT WARNING * * *
You bludgeon the ogre mage!! You drain the ogre mage!
You kill the ogre mage!
Trog accepts your kill.
Trog appreciates your killing of a magic user.
Unknown command.
You closely miss the deep troll. You tail-slap the deep troll.
The deep troll is poisoned.
The deep troll is severely wounded.
The deep troll bites you!
You die...

▓_▓.▓.▓.▓.▓
▓_▓.▓.▓.▓.▓
▓_▓.▓.▓.▓.▓
▓_▓.▓.▓.▓.▓
▓_▓.▓.▓.▓.▓
▓_▓.▓.▓.▓.▓
▓_▓.▓.▓.▓)▓
▓_▓.▓÷▓.▓)▓
▓'▓.▓'▓)▓@▓
▓.▓.▓.▓.▓T▓
▓?▓.▓.▓.▓O▓
▓|▓.▓.▓.▓$▓
▓)▓.▓.▓.▓$▓
▓[▓.▓.▓.▓∩▓
▓[▓.▓.▓.▓$▓
▓[▓.▓.▓.▓∩▓
▓.▓.▓.▓.▓


You could see an ogre mage and a deep troll.

Vanquished Creatures
  2 stone giants (D)
  An ettin (D)
  Harold (D)
  An ogre mage (D)
  An orc high priest (D)
  3 lindwurms (D)
  An orc knight (D)
  2 orc sorcerers (D)
  Joseph (D)
  A black mamba (D)
  A spiny frog (D)
  A tyrant leech (D)
  A hippogriff (D)
  2 wyverns (D)
  2 porcupines (D)
  3 orc warriors (D)
  2 ice beasts (D)
  An eye of draining (D)
  2 ogres (D)
  2 crocodiles (D)
  A howler monkey (D)
  2 orc priests (D)
  4 orc wizards (D)
  An iguana (D)
  2 worker ants (D)
  An adder zombie (D)
  2 worms (D)
  A dart slug (D)
  A leopard gecko (D)
  7 orcs (D)
  A bat (D)
  A hobgoblin (D)
  2 kobolds (D)
  A quokka zombie (D)
58 creatures vanquished.

Vanquished Creatures (collateral kills)
  A hydra (D)
  2 deep trolls (D)
  An orc knight (D)
  A lindwurm (D)
  2 elephants (D)
  A black mamba (D)
  A tyrant leech (D)
  A blink frog (D)
  A hippogriff (D)
  2 yaks (D)
  A water moccasin (D)
  A porcupine (D)
  5 orc warriors (D)
  A bullfrog (D)
  An orc wizard (D)
  An orc (D)
23 creatures vanquished.

Grand Total: 81 creatures vanquished

Notes
Turn   | Place    | Note
-------+----------+-------------------------------------------
     0 | D        | Kidiri the Draconian Gladiator began the quest for the Orb.
     0 | D        | Reached XP level 1. HP: 17/17 MP: 1/1
    15 | D        | Reached skill level 3 in Fighting
    18 | D        | Reached XP level 2. HP: 15/26 MP: 2/2
   147 | D        | Reached skill level 4 in Fighting
   147 | D        | Reached XP level 3. HP: 31/33 MP: 3/3
   152 | D        | Reached skill level 5 in Maces & Flails
   156 | D        | Reached skill level 5 in Fighting
   156 | D        | Reached skill level 5 in Dodging
   156 | D        | Reached XP level 4. HP: 26/42 MP: 4/4
   177 | D        | Found a roughly hewn altar of Beogh.
   177 | D        | Found a snail-covered altar of Cheibriados.
   177 | D        | Found a shadowy altar of Dithmenos.
   177 | D        | Found a white marble altar of Elyvilon.
   177 | D        | Found a blossoming altar of Fedhas.
   177 | D        | Found an opulent altar of Gozag.
   178 | D        | Found a hazy altar of Hepliaklqana.
   179 | D        | Found a viscous altar of Jiyva.
   180 | D        | Found an ancient bone altar of Kikubaaqudgha.
   181 | D        | Found a corrupted altar of Lugonu.
   182 | D        | Found a burning altar of Makhleb.
   183 | D        | Found a sparkling altar of Nemelex Xobeh.
   184 | D        | Found an iron altar of Okawaru.
   185 | D        | Found a stormy altar of Qazlal.
   186 | D        | Found a sacrificial altar of Ru.
   187 | D        | Found a deep blue altar of Sif Muna.
   188 | D        | Found a bloodstained altar of Trog.
   189 | D        | Found a hide-covered altar of Uskayaw.
   190 | D        | Found a radiant altar of Vehumet.
   191 | D        | Found an ornate altar of the Wu Jian Council.
   192 | D        | Found a shimmering altar of Xom.
   193 | D        | Found a basalt altar of Yredelemnul.
   194 | D        | Found a glowing silver altar of Zin.
   195 | D        | Found a glowing golden altar of the Shining One.
   198 | D        | Became a worshipper of Trog the Wrathful
   358 | D        | Noticed an ogre
   358 | D        | Noticed an ogre
   365 | D        | Killed an ogre
   365 | D        | Reached skill level 7 in Fighting
   365 | D        | Reached XP level 5. HP: 52/52 MP: 5/5
   368 | D        | Killed an ogre
   368 | D        | Reached * piety under Trog
   368 | D        | Reached XP level 6. HP: 61/61 MP: 6/6
   372 | D        | Reached ** piety under Trog
   372 | D        | Reached skill level 8 in Fighting
   409 | D        | Noticed an ice beast
   409 | D        | Noticed a wyvern
   409 | D        | Noticed a wyvern
   409 | D        | Noticed an orc warrior
   409 | D        | Noticed an ice beast
   413 | D        | Killed an ice beast
   413 | D        | Reached skill level 5 in Throwing
   419 | D        | Reached skill level 9 in Fighting
   419 | D        | Your scales start taking on an icy white colour.
   419 | D        | Reached XP level 7. HP: 70/70 MP: 0/7
   419 | D        | Gained mutation: Your flesh is cold resistant. (rC+) [White Draconian growth]
   423 | D        | Killed a wyvern
   430 | D        | Killed a wyvern
   430 | D        | Reached *** piety under Trog
   430 | D        | Reached skill level 10 in Fighting
   634 | D        | Found the +6 Majin-Bo {vamp, Archmagi MP+6 Int+6}
   669 | D        | Gained mutation: You are dopey. (Int -2) [potion of mutation]
   669 | D        | Gained mutation: Your spells are a little harder to cast, but a little more powerful. [potion of mutation]
   669 | D        | Gained mutation: You possess an exceptional clarity of mind. [potion of mutation]
   669 | D        | Gained mutation: Your large and strong wings let you fly indefinitely. [potion of mutation]
   670 | D        | Lost mutation: Your spells are a little harder to cast, but a little more powerful. [potion of mutation]
   670 | D        | Lost mutation: You are dopey. (Int -2) [potion of mutation]
   670 | D        | Lost mutation: Your large and strong wings let you fly indefinitely. [potion of mutation]
   670 | D        | Lost mutation: You possess an exceptional clarity of mind. [potion of mutation]
   670 | D        | Gained mutation: Your tail ends in a poisonous barb. [potion of mutation]
   670 | D        | Gained mutation: You evolve. [potion of mutation]
   671 | D        | Noticed a spiny frog
   671 | D        | Noticed a hippogriff
   671 | D        | Noticed a yak
   674 | D        | Reached skill level 10 in Maces & Flails
   674 | D        | Reached XP level 8. HP: 81/81 MP: 8/8
   680 | D        | Killed a spiny frog
   680 | D        | Reached **** piety under Trog
   680 | D        | Reached skill level 11 in Fighting
   683 | D        | Noticed a black mamba
   687 | D        | Killed a hippogriff
   687 | D        | Reached skill level 10 in Dodging
   706 | D        | Received a gift from Trog
   721 | D        | Killed a black mamba
   721 | D        | Reached skill level 12 in Fighting
   721 | D        | Reached XP level 9. HP: 45/90 MP: 9/9
  1052 | D        | Received a gift from Trog
  1082 | D        | Noticed an elephant
  1082 | D        | Noticed a black mamba
  1082 | D        | Noticed an elephant
  1092 | D        | Killed an elephant
  1092 | D        | Received a gift from Trog
  1093 | D        | Killed a black mamba
  1097 | D        | Killed an elephant
  1099 | D        | Noticed a four-headed hydra
  1104 | D        | Killed a four-headed hydra
  1104 | D        | Received a gift from Trog
  1104 | D        | Reached skill level 13 in Fighting
  1169 | D        | Noticed a lindwurm
  1169 | D        | Noticed a lindwurm
  1169 | D        | Noticed a tyrant leech
  1169 | D        | Noticed a lindwurm
  1170 | D        | Noticed a tyrant leech
  1177 | D        | Killed a lindwurm
  1177 | D        | Received a gift from Trog
  1181 | D        | Noticed a lindwurm
  1182 | D        | Killed a lindwurm
  1182 | D        | Reached XP level 10. HP: 84/102 MP: 10/10
  1191 | D        | Received a gift from Trog
  1204 | D        | Killed a lindwurm
  1204 | D        | Reached ***** piety under Trog
  1204 | D        | Reached skill level 14 in Fighting
  1213 | D        | Killed a lindwurm
  1523 | D        | Noticed Joseph
  1530 | D        | Paralysed by Joseph for 4 turns
  1532 | D        | Killed Joseph
  1566 | D        | Noticed Harold
  1582 | D        | Killed Harold
  1713 | D        | Noticed an orc high priest
  1716 | D        | Received a gift from Trog
  1725 | D        | Killed an orc high priest
  1728 | D        | Received a gift from Trog
  1745 | D        | Received a gift from Trog
  1972 | D        | Noticed an orc sorcerer
  1972 | D        | Noticed an orc sorcerer
  1972 | D        | Noticed an orc knight
  1978 | D        | Noticed an orc knight
  1979 | D        | Killed an orc sorcerer
  1979 | D        | Reached ****** piety under Trog
  1979 | D        | Reached skill level 15 in Fighting
  1981 | D        | Killed an orc sorcerer
  1981 | D        | Reached XP level 11. HP: 112/112 MP: 11/11
  1985 | D        | Killed an orc knight
  1985 | D        | Received a gift from Trog
  1993 | D        | Killed an orc knight
  1993 | D        | Reached skill level 10 in Throwing
  2118 | D        | Gained mutation: You are resistant to electric shocks. (rElec) [evolution]
  2119 | D        | Found Wuevairr's Gadget Emporium.
  2119 | D        | Noticed an ettin
  2119 | D        | Noticed a deep troll
  2119 | D        | Noticed a deep troll
  2119 | D        | Noticed a deep troll
  2119 | D        | Noticed an ogre mage
  2120 | D        | Noticed a stone giant
  2122 | D        | Killed a deep troll
  2122 | D        | Received a gift from Trog
  2123 | D        | Killed an ettin
  2124 | D        | Killed a deep troll
  2126 | D        | Noticed an ogre mage
  2127 | D        | Got an iridescent great mace {god gift}
  2128 | D        | Identified the +6 great mace "Hygabe" {drain, rElec} (Trog gifted it to you in the Dungeon)
  2129 | D        | Noticed a stone giant
  2130 | D        | Found Pircheid's Magic Scroll Shoppe.
  2132 | D        | Killed a stone giant
  2132 | D        | Reached skill level 16 in Fighting
  2132 | D        | Reached skill level 15 in Maces & Flails
  2138 | D        | Killed a stone giant
  2142 | D        | HP: 8/172 [deep troll (18)]
  2142 | D        | HP: 2/172 [deep troll (2)]
  2143 | D        | Killed an ogre mage
  2144 | D        | Mangled by a deep troll

Vault maps used:
D:        linesprint

Skill      XL: |  1  2  3  4  5  6  7  8  9 10 11 |
---------------+----------------------------------+-----
Throwing       | 2 3 4 5 6 7 8 9 10 | 10.7
Dodging        | 3 4 5 6 7 9 10 12 13 14 | 14.3
Fighting       | 3 4 5 7 9 10 12 13 15 16 | 16.4
Maces & Flails | 4 5 6 7 8 10 11 12 14 15 | 15.4

Action                   |  1- 3 |  4- 6 |  7- 9 | 10-12 || total
-------------------------+-------+-------+-------+-------++-------
Melee: Flail             |    22 |    11 |       |       ||    33
       Tailslap          |     3 |     7 |     8 |    20 ||    38
       Dire flail        |       |    20 |    62 |    66 ||   148
       Great mace        |       |       |       |    26 ||    26
Throw: Throwing net      |       |     1 |     2 |     1 ||     4
       Javelin           |       |       |       |    10 ||    10
       Tomahawk          |       |       |       |     1 ||     1
Invok: Berserk           |       |       |     3 |     2 ||     5
       Brothers in Arms  |       |       |     4 |     4 ||     8
 Abil: Breathe Frost     |       |       |     3 |       ||     3
  Use: Potion            |       |     1 |     4 |     2 ||     7
       Scroll            |       |       |     1 |       ||     1
  Eat: Bread ration      |       |       |     1 |       ||     1
       Chunk             |       |       |       |     6 ||     6
Armor: Skin              |     4 |       |    17 |    10 ||    31
Dodge: Dodged            |    12 |    13 |    59 |    61 ||   145

Table legend:
 A = Spawn XP
 B = Non-spawn XP
 C = Spawn XP percentage of total XP
 D = Spawn monster count
 E = Non-spawn monster count
 F = Spawn count percentage of total count
 G = Total turns spent on level
                    A         B        C        D         E        F      G
               +---------+---------+-------+---------+---------+-------+---------
         Total |       0 |   17707 |   0.0 |       0 |      81 |   0.0 |  2144
               +---------+---------+-------+---------+---------+-------+---------
             D |       0 |   17707 |   0.0 |       0 |      81 |   0.0 |  2144
               +---------+---------+-------+---------+---------+-------+---------
